[Event "Int SVK-ch Open 2020"]
[Site "Drienica"]
[Date "2020.08.13"]
[Round "7.13"]
[White "Janik, Marek Tobias"]
[Black "Holicky, Miroslav"]
[Result "1-0"]
[ECO "A13"]
[WhiteElo "1549"]
[BlackElo "1805"]
[Annotator "NA RC"]
[PlyCount "101"]
[EventDate "2020.08.07"]
[EventType "swiss"]
[EventCountry "SVK"]
[SourceTitle "playchess.com"]
[Source "ChessBase"]
[SourceQuality "1"]
[TimeControl "40/5400+30:1800+30"]

1. c4 e6 2. Nf3 d5 3. cxd5 exd5 4. g3 Nf6 5. Bg2 Be7 6. O-O O-O 7. d4 {[%emt 0:00:31] A14: English Opening: 1...e6 with b3 by White.} a5 8. Nc3 c6 9. Qc2 Nbd7 {[%emt 0:05:01] [#]} 10. Ne5 $146 ({Predecessor:} 10. b3 Bd6 11. Bb2 Re8 12. Rad1 Nb6 13. Ne5 g6 14. f3 Qe7 {1-0 (39) Thybo,J (2466)-Haug,J (2379) Mamaia 2017}) 10... Re8 11. Bd2 Bd6 12. f4 Nf8 13. Rae1 Bd7 14. e4 dxe4 15. Nxe4 Nxe4 16. Bxe4 Bh3 17. Rf2 Qb6 18. Be3 Qc7 19. a3 Rac8 20. Rc1 Qb8 21. Qd3 Re7 22. Nc4 Rce8 23. Bf3 f6 (23... Bc7 $11) 24. Re2 Bc7 $1 25. Rce1 Qc8 26. Bh5 g6 27. Bf3 Bf5 28. Qb3 Kg7 29. Qc3 {[%emt 0:00:36] [#]} Qd8 (29... Bg4 $1 $17 30. f5 Qxf5 31. Bh6+ {[%mdl 64] Discovered Attack} Kf7) 30. g4 (30. Bf2 $11 {keeps the balance.}) 30... Be6 31. g5 Bd5 32. gxf6+ Kxf6 33. Ne5 Kg7 {[%emt 0:02:26] [#]} (33... Bxf3 $11 34. Nxf3 Qd5) 34. Bxd5 ({Only move:} 34. f5 $1 $16 gxf5 35. Rg2+ Ng6 36. Bg5) 34... Qxd5 35. Rg2 Nd7 36. Bf2 Bxe5 (36... Nf6 $17) 37. dxe5 Re6 38. f5 Rxe5 39. Bd4 {[%emt 0:00:12] Pin} Kf7 40. fxg6+ hxg6 41. Bxe5 Rxe5 42. Rf1+ Kg7 43. Rd2 Qc5+ 44. Kh1 Nf6 45. Qg3 ({Only move:} 45. Qxc5 $18 Rxc5 46. Rdf2) 45... Qc4 $2 {[%emt 0:00:00] [#]} (45... Rf5 $16 46. Rg1 g5) 46. Rg1 $1 Qe4+ {[%emt 0:00:00] [#]} 47. Rdg2 $1 g5 $2 (47... b5 48. Qxg6+ Qxg6) 48. Qxe5 Qxe5 49. Rxg5+ Qxg5 50. Rxg5+ $18 Kf7 51. Rxa5 1-0

[Event "Int SVK-ch Open 2020"]
[Site "Drienica"]
[Date "2020.08.13"]
[Round "7.14"]
[White "Varga, Lukas"]
[Black "Belis, Rudolf"]
[Result "1-0"]
[ECO "C21"]
[WhiteElo "2040"]
[BlackElo "1924"]
[Annotator "ChessBase"]
[PlyCount "73"]
[EventDate "2020.08.07"]
[EventType "swiss"]
[EventCountry "SVK"]
[SourceTitle "playchess.com"]
[Source "ChessBase"]
[SourceQuality "1"]
[TimeControl "40/5400+30:1800+30"]

1. e4 e5 2. d4 exd4 3. c3 d5 4. exd5 Nf6 5. Qxd4 Qxd5 6. Nf3 Nc6 7. Qe3+ Be7 8. Na3 O-O 9. Bc4 Qh5 10. Qg5 Bg4 11. Qxh5 Bxh5 12. Nb5 Rac8 13. Bf4 Ne8 14. Bd5 a6 15. Bxc6 bxc6 16. Na7 Ra8 17. Nxc6 Bd6 18. Bg3 Bxf3 19. gxf3 f5 20. Bxd6 Nxd6 21. O-O-O Rfe8 22. Rhe1 Kf7 23. a4 Kf6 24. Rxe8 Rxe8 25. Nb4 a5 26. Nd5+ Kg5 27. Nxc7 Re2 28. Rxd6 Rxf2 29. Ne6+ Kh4 30. Rd4+ Kh3 31. Ng5+ Kxh2 32. Rh4+ Kg3 33. Rxh7 g6 34. Rg7 Rg2 35. Rxg6 Kf4 36. Ne6+ Kxf3 37. Nd4+ 1-0

[Event "Int SVK-ch Open 2020"]
[Site "Drienica"]
[Date "2020.08.13"]
[Round "7.14"]
[White "Kulich, Filip"]
[Black "Walterova, Ema"]
[Result "1-0"]
[ECO "A46"]
[WhiteElo "1397"]
[BlackElo "1790"]
[Annotator "NA"]
[PlyCount "131"]
[EventDate "2020.08.07"]
[EventType "swiss"]
[EventCountry "SVK"]
[SourceTitle "playchess.com"]
[Source "ChessBase"]
[SourceQuality "1"]
[TimeControl "40/5400+30:1800+30"]

1. d4 Nf6 2. Nf3 e6 3. e3 Be7 4. Bd3 b6 5. b3 Bb7 6. O-O d5 7. Bb2 Nbd7 8. Nbd2 O-O 9. Qe2 a6 10. e4 dxe4 11. Nxe4 Nd5 12. Qd2 c5 13. Rad1 Qc7 14. dxc5 bxc5 15. Rfe1 N7f6 16. c4 Nxe4 17. Bxe4 Nf6 18. Be5 Nxe4 19. Rxe4 Qd8 20. Rg4 f6 21. Qd7 Qxd7 22. Rxd7 Rad8 23. Rxd8 Rxd8 24. Bc3 Rd3 25. Ba5 Bd8 26. Ne1 Rd1 27. Bc3 Bc7 28. Kf1 Rc1 29. Bb2 Rb1 30. Bc3 Kf7 31. Ke2 Rc1 32. Bb2 Rb1 33. Bc3 Be5 34. Bxe5 fxe5 35. Nd3 h5 36. Rg3 e4 37. Nxc5 Rb2+ 38. Ke3 Bc6 39. a4 e5 40. Nxe4 Rxb3+ 41. Kd2 Bxa4 42. Rxb3 Bxb3 43. Kc3 Ba4 44. f3 a5 45. Nd6+ Ke7 46. Nb7 e4 47. fxe4 Bc6 48. Nxa5 Bxe4 49. g3 Kf6 50. Kd4 Bg2 51. c5 Kg5 52. c6 Bxc6 53. Nxc6 Kg4 54. Ne5+ Kh3 55. Nf3 g5 56. Ke3 g4 57. Nh4 Kxh2 58. Kf2 Kh3 59. Nf5 Kh2 60. Ne3 Kh3 61. Ng2 Kh2 62. Nf4 Kh1 63. Nxh5 Kh2 64. Ke3 Kg2 65. Kf4 Kh3 66. Nf6 1-0

[Event "Int SVK-ch Open 2020"]
[Site "Drienica"]
[Date "2020.08.15"]
[Round "7.15"]
[White "Brnusak, Tomas"]
[Black "Priechodsky, Radovan"]
[Result "0-1"]
[ECO "A22"]
[WhiteElo "2044"]
[BlackElo "1975"]
[Annotator "ChessBase"]
[PlyCount "62"]
[EventDate "2020.08.07"]
[EventType "swiss"]
[EventCountry "SVK"]
[TimeControl "40/5400+30:1800+30"]

1. c4 e5 2. Nc3 Nf6 3. g3 Bb4 4. Bg2 Bxc3 5. bxc3 O-O 6. e4 d6 7. d3 Na6 8. Ne2 Nc5 9. O-O c6 10. Qc2 Re8 11. h3 d5 12. cxd5 cxd5 13. Be3 dxe4 14. dxe4 Qc7 15. Rfd1 Bd7 16. Rd2 Rad8 17. Bxc5 Qxc5 18. Rad1 Qa5 19. Nc1 h6 20. Nb3 Qc7 21. Bf1 b6 22. f3 Rc8 23. Ba6 Rcd8 24. g4 Ba4 25. c4 Nh7 26. Qc3 Rxd2 27. Rxd2 Qe7 28. Rh2 Qh4 29. Kg2 Rd8 30. Nd2 Qe1 31. Nf1 Qxc3 0-1

[Event "Int SVK-ch Open 2020"]
[Site "Drienica"]
[Date "2020.08.13"]
[Round "7.15"]
[White "Recky, Norbert"]
[Black "Budjac, Martin"]
[Result "1-0"]
[ECO "C77"]
[WhiteElo "1811"]
[BlackElo "1511"]
[Annotator "NA"]
[PlyCount "47"]
[EventDate "2020.08.07"]
[EventType "swiss"]
[EventCountry "SVK"]
[SourceTitle "playchess.com"]
[Source "ChessBase"]
[SourceQuality "1"]
[TimeControl "40/5400+30:1800+30"]

1. e4 e5 2. Nf3 Nc6 3. Bb5 a6 4. Ba4 Nf6 5. d3 b5 6. Bb3 Be7 7. O-O O-O 8. Re1 d6 9. Nbd2 Na5 10. Nf1 Nxb3 11. axb3 c5 12. c3 Bb7 13. Ng3 Re8 14. Nf5 Bf8 15. Bg5 h6 16. Bh4 g6 17. Ne3 Bg7 18. g4 Qd7 19. Nd2 d5 20. Bxf6 Bxf6 21. exd5 Bxd5 22. Nxd5 Qxd5 23. Qf3 Qd6 24. Ne4 1-0

[Event "Int SVK-ch Open 2020"]
[Site "Drienica"]
[Date "2020.08.13"]
[Round "7.16"]
[White "Harvan, Tomas"]
[Black "Kulich, Daniel"]
[Result "1-0"]
[ECO "B15"]
[WhiteElo "1794"]
[BlackElo "1492"]
[Annotator "NA"]
[PlyCount "88"]
[EventDate "2020.08.07"]
[EventType "swiss"]
[EventCountry "SVK"]
[SourceTitle "playchess.com"]
[Source "ChessBase"]
[SourceQuality "1"]
[TimeControl "40/5400+30:1800+30"]

1. e4 c6 2. d4 d5 3. Nc3 dxe4 4. Nxe4 Nf6 5. Qe2 Nxe4 6. Qxe4 Qd5 7. Bd3 Qxe4+ 8. Bxe4 Be6 9. Bf4 Bd5 10. f3 Nd7 11. Bd3 O-O-O 12. c4 Be6 13. Rc1 Nb6 14. d5 Bd7 15. Ne2 e6 16. Be4 exd5 17. cxd5 Bb4+ 18. Kf2 Na4 19. dxc6 bxc6 20. Rc4 c5 21. a3 Be6 22. Rxb4 cxb4 23. Rc1+ Kd7 24. Bc6+ Ke7 25. Bxa4 bxa3 26. Rc7+ Bd7 27. bxa3 a6 28. Nd4 Ke8 29. Bb3 Rc8 30. Bxf7+ Kxf7 31. Rxd7+ Kf6 32. Rd6+ Kf7 33. Rxa6 Ra8 34. Rxa8 Rxa8 35. Bd6 Ra4 36. Bb4 g6 37. Ke3 Kf6 38. Ke4 Ra8 39. h4 Re8+ 40. Kf4 Rd8 41. Be7+ Kxe7 42. Nc6+ Ke8 43. Nxd8 Kxd8 44. Kg5 h6+ 1-0

[Event "Int SVK-ch Open 2020"]
[Site "Drienica"]
[Date "2020.08.15"]
[Round "7.17"]
[White "Svobodova, Michaela"]
[Black "Brhel, Jan"]
[Result "1-0"]
[ECO "B31"]
[WhiteElo "1964"]
[BlackElo "2042"]
[Annotator "ChessBase"]
[PlyCount "123"]
[EventDate "2020.08.07"]
[EventType "swiss"]
[EventCountry "SVK"]
[TimeControl "40/5400+30:1800+30"]

1. e4 c5 2. Nf3 Nc6 3. Bb5 g6 4. Bxc6 bxc6 5. O-O Bg7 6. Re1 e5 7. c3 Ne7 8. d4 cxd4 9. cxd4 exd4 10. Nxd4 O-O 11. Nc3 Qa5 12. Bf4 Qb4 13. Nb3 d5 14. Rc1 Be6 15. a3 Qb6 16. Na4 Qb5 17. Nd4 Bxd4 18. Qxd4 dxe4 19. Nc3 Qh5 20. Nxe4 Nd5 21. Rc5 f5 22. Ng3 Qg4 23. Rxe6 Nxf4 24. Rd6 Rae8 25. h3 Ne2+ 26. Nxe2 Qxe2 27. Rcxc6 Rf7 28. b4 Qe1+ 29. Kh2 Qe5+ 30. Qxe5 Rxe5 31. Rd8+ Kg7 32. Rdc8 Ree7 33. Kg3 Rd7 34. Rc3 Rb7 35. R8c4 Rfe7 36. a4 Kh6 37. b5 a6 38. bxa6 Ra7 39. Rc6 Re5 40. R3c5 Rxc5 41. Rxc5 Rxa6 42. a5 Rd6 43. Rc3 Ra6 44. Ra3 Kg5 45. h4+ Kf6 46. Kf4 h6 47. Ke3 Ke5 48. Ra4 g5 49. g3 gxh4 50. gxh4 Kd5 51. Kf4 Ke6 52. Ke3 Ke5 53. Kd3 Kd5 54. Kc3 Rc6+ 55. Kb4 Rc8 56. a6 Rb8+ 57. Kc3 Ke5 58. a7 Ra8 59. Kd3 f4 60. Ke2 Kf5 61. Kf3 Ke5 62. Ra5+ 1-0

[Event "Int SVK-ch Open 2020"]
[Site "Drienica"]
[Date "2020.08.13"]
[Round "7.17"]
[White "Kukan, Michal"]
[Black "Gulas, Gabriel"]
[Result "1-0"]
[ECO "A22"]
[WhiteElo "1769"]
[BlackElo "1472"]
[Annotator "NA"]
[PlyCount "61"]
[EventDate "2020.08.07"]
[EventType "swiss"]
[EventCountry "SVK"]
[SourceTitle "playchess.com"]
[Source "ChessBase"]
[SourceQuality "1"]
[TimeControl "40/5400+30:1800+30"]

1. c4 e5 2. Nc3 Nf6 3. g3 d5 4. cxd5 Nxd5 5. Bg2 Be6 6. Qa4+ Nc6 7. a3 Bc5 8. Qc4 Ne3 9. Qxc5 Nc2+ 10. Kf1 Nxa1 11. Bxc6+ bxc6 12. Qxc6+ Ke7 13. d3 Qd6 14. Qa4 Nb3 15. Be3 Nd4 16. f4 Rhd8 17. Ne4 Qd5 18. fxe5 Qxe5 19. Nf3 Qb5 20. Qxb5 Nxb5 21. Bc5+ Ke8 22. Kf2 a5 23. Rc1 Rab8 24. Ne5 Bd5 25. a4 Nd6 26. Ba3 Nxe4+ 27. dxe4 Bxe4 28. Rxc7 Rbc8 29. Re7+ Kf8 30. Nxf7 Rd4 31. Rxe4+ 1-0

[Event "Int SVK-ch Open 2020"]
[Site "Drienica"]
[Date "2020.08.13"]
[Round "7.18"]
[White "Bochnickova, Simona"]
[Black "Kardis, Benjamin"]
[Result "0-1"]
[ECO "B00"]
[WhiteElo "1797"]
[BlackElo "2042"]
[Annotator "ChessBase"]
[PlyCount "52"]
[EventDate "2020.08.07"]
[EventType "swiss"]
[EventCountry "SVK"]
[SourceTitle "playchess.com"]
[Source "ChessBase"]
[SourceQuality "1"]
[TimeControl "40/5400+30:1800+30"]

1. e4 d6 2. d4 Nf6 3. Nc3 g6 4. h3 Bg7 5. Nf3 Nc6 6. Be3 a6 7. Qd2 b5 8. a3 O-O 9. Bh6 e5 10. Bxg7 Kxg7 11. O-O-O b4 12. axb4 exd4 13. Nxd4 Nxb4 14. Qg5 h6 15. Qa5 c5 16. Qxd8 Rxd8 17. Nb3 Bb7 18. f3 a5 19. Na4 Bc6 20. Nb6 a4 21. Nxa8 axb3 22. Nb6 bxc2 23. Rd2 Rb8 24. Nd5 Nfxd5 25. exd5 Bxd5 26. Rxd5 Ra8 0-1

[Event "Int SVK-ch Open 2020"]
[Site "Drienica"]
[Date "2020.08.13"]
[Round "7.18"]
[White "Sevcik, Lubomir"]
[Black "Sosovickova, Martina"]
[Result "1-0"]
[ECO "A00"]
[WhiteElo "1748"]
[BlackElo "1362"]
[Annotator "NA"]
[PlyCount "49"]
[EventDate "2020.08.07"]
[EventType "swiss"]
[EventCountry "SVK"]
[SourceTitle "playchess.com"]
[Source "ChessBase"]
[SourceQuality "1"]
[TimeControl "40/5400+30:1800+30"]

1. g3 e5 2. Bg2 d5 3. d3 Bf5 4. c4 c6 5. cxd5 cxd5 6. Qa4+ Nc6 7. Qb3 Nf6 8. Bd2 Qd7 9. Nf3 Bc5 10. O-O O-O 11. Nc3 e4 12. Ne1 Nd4 13. Qd1 Bh3 14. Bg5 Bxg2 15. Nxg2 exd3 16. Qxd3 Ng4 17. Ne3 Ne5 18. Qd1 Qh3 19. Ncxd5 Qh5 20. f4 Ng4 21. Bh4 Rad8 22. Nxg4 Rxd5 23. e3 Ne6 24. Qf3 Rd2 25. Nf6+ 1-0

[Event "Int SVK-ch Open 2020"]
[Site "Drienica"]
[Date "2020.08.13"]
[Round "7.19"]
[White "Dragula, Miroslav"]
[Black "Kucik, Patrik"]
[Result "0-1"]
[ECO "D53"]
[WhiteElo "1566"]
[BlackElo "1572"]
[Annotator "NA"]
[PlyCount "148"]
[EventDate "2020.08.07"]
[EventType "swiss"]
[EventCountry "SVK"]
[SourceTitle "playchess.com"]
[Source "ChessBase"]
[SourceQuality "1"]
[TimeControl "40/5400+30:1800+30"]

1. d4 Nf6 2. c4 e6 3. Nc3 d5 4. Bg5 Be7 5. Nf3 h6 6. Bh4 c6 7. e3 O-O 8. Bd3 Nh7 9. Bxe7 Qxe7 10. Qc2 Nf6 11. h3 Nbd7 12. O-O e5 13. cxd5 cxd5 14. dxe5 Nxe5 15. Nxe5 Qxe5 16. Ne2 Be6 17. Nd4 Rac8 18. Qe2 a6 19. Nf3 Qd6 20. Rfe1 Rc7 21. Nd4 Rfc8 22. Qf3 Qe5 23. Qe2 Qd6 24. Qd2 Qe5 25. f4 Qd6 26. Nf3 Bd7 27. a4 Bc6 28. g4 Qe6 29. Bf5 Qe7 30. Bxc8 Rxc8 31. Nd4 Ne4 32. Qh2 Bd7 33. Qg2 Qb4 34. b3 Rc3 35. Rac1 Rd3 36. Qe2 Rd2 37. Qf3 Rf2 38. Qd1 Rd2 39. Qf3 Rf2 40. Qxe4 dxe4 41. Kxf2 Qd2+ 42. Kg1 Kh7 43. Rcd1 Qc3 44. Re2 f6 45. Rdd2 Qc1+ 46. Kg2 Qc3 47. Rc2 Qa1 48. Rc7 Bc6 49. Ne6 Qd1 50. Kf2 Qh1 51. Nxg7 Qxh3 52. Nh5+ Kg8 53. Nxf6+ Kf8 54. Ke1 Qh4+ 55. Rf2 Qxf6 56. g5 Qc3+ 57. Rd2 Qxe3+ 58. Kd1 Qxb3+ 59. Ke2 Qf3+ 60. Ke1 Qg3+ 61. Rf2 Qc3+ 62. Rd2 Qc1+ 63. Ke2 Bb5+ 64. axb5 Qxc7 65. bxa6 Qc4+ 66. Ke3 Qxa6 67. gxh6 Qxh6 68. Kxe4 Qc6+ 69. Rd5 b5 70. Kd4 Qc4+ 71. Ke5 b4 72. f5 b3 73. Rd6 Qc5+ 74. Ke6 Qxd6+ 0-1

[Event "Int SVK-ch Open 2020"]
[Site "Drienica"]
[Date "2020.08.13"]
[Round "7.20"]
[White "Ihnat, Marek"]
[Black "Marsina, Stefan"]
[Result "0-1"]
[ECO "B07"]
[WhiteElo "2065"]
[BlackElo "1854"]
[Annotator "ChessBase"]
[PlyCount "68"]
[EventDate "2020.08.07"]
[EventType "swiss"]
[EventCountry "SVK"]
[SourceTitle "playchess.com"]
[Source "ChessBase"]
[SourceQuality "1"]
[TimeControl "40/5400+30:1800+30"]

1. e4 d6 2. d4 Nf6 3. Nc3 c6 4. Bg5 Nbd7 5. f4 Qb6 6. Rb1 e5 7. Nf3 h6 8. Bxf6 Nxf6 9. f5 Bd7 10. Qd2 O-O-O 11. Bd3 exd4 12. Na4 Qc7 13. Nxd4 d5 14. exd5 Qe5+ 15. Ne2 cxd5 16. Qc3+ Qxc3+ 17. Naxc3 Bc5 18. b4 Bb6 19. h3 Rhe8 20. a4 Nh5 21. Rf1 Nf6 22. a5 Bc7 23. Rf3 d4 24. Nb5 Be5 25. Nxa7+ Kb8 26. Nb5 Bc6 27. Rf1 Nd5 28. Kd2 Ne3 29. Rg1 Nxg2 30. Ra1 Ne3 31. Ng3 Nd5 32. Rab1 Bf4+ 33. Kd1 Bxb5 34. Bxb5 Nc3# 0-1

[Event "Int SVK-ch Open 2020"]
[Site "Drienica"]
[Date "2020.08.15"]
[Round "7.20"]
[White "Durica, Andrej"]
[Black "Ferkova, Dominika"]
[Result "1-0"]
[ECO "B12"]
[WhiteElo "1911"]
[BlackElo "2111"]
[Annotator "ChessBase"]
[PlyCount "63"]
[EventDate "2020.08.07"]
[EventType "swiss"]
[EventCountry "SVK"]
[TimeControl "40/5400+30:1800+30"]

1. e4 c6 2. d4 d5 3. e5 c5 4. Nf3 Nc6 5. dxc5 Bg4 6. c3 e6 7. Be3 a6 8. Bd4 Qc7 9. Nbd2 Nge7 10. h3 Bxf3 11. Nxf3 Ng6 12. Qe2 Nce7 13. b4 a5 14. Qb5+ Nc6 15. Qa4 Be7 16. b5 Ncxe5 17. Nxe5 Nxe5 18. b6+ Qd7 19. Bb5 Nc6 20. Rb1 e5 21. Be3 O-O 22. O-O Rfc8 23. Rfd1 Qe6 24. Qb3 Rd8 25. a4 Rac8 26. Rd2 Nb8 27. Rbd1 Bxc5 28. Rxd5 Bxb6 29. Bc4 Re8 30. Rc5 Qg6 31. Rxc8 Rxc8 32. Qxb6 1-0

[Event "Int SVK-ch Open 2020"]
[Site "Drienica"]
[Date "2020.08.15"]
[Round "7.21"]
[White "Stevik, Patrik"]
[Black "Tomanek, Rafael"]
[Result "1-0"]
[ECO "A03"]
[WhiteElo "2047"]
[BlackElo "1835"]
[Annotator "ChessBase"]
[PlyCount "105"]
[EventDate "2020.08.07"]
[EventType "swiss"]
[EventCountry "SVK"]
[TimeControl "40/5400+30:1800+30"]

1. b3 d5 2. Bb2 Nf6 3. e3 Bf5 4. f4 e6 5. Nf3 Be7 6. Be2 Nbd7 7. O-O O-O 8. Ne5 Nxe5 9. fxe5 Nd7 10. Bf3 c6 11. d4 Qb6 12. Qe2 a5 13. c4 Qa6 14. Nc3 Nb6 15. e4 Bg6 16. cxd5 Qxe2 17. Bxe2 cxd5 18. exd5 Nxd5 19. Nxd5 exd5 20. Bf3 Be4 21. Bxe4 dxe4 22. Rae1 f5 23. exf6 Bxf6 24. Rxe4 a4 25. Rf3 axb3 26. Rxb3 Rxa2 27. Rxb7 Rd8 28. Kf1 Rxb2 29. Rxb2 Bxd4 30. Rbe2 h6 31. Re8+ Rxe8 32. Rxe8+ Kf7 33. Rb8 Kg6 34. Ke2 Kh7 35. Kf3 Be5 36. Rb1 Bc3 37. Ke4 Bf6 38. Kf5 Bc3 39. Rb6 Bd4 40. Rc6 Bb2 41. g4 Bd4 42. h4 Bb2 43. g5 hxg5 44. hxg5 g6+ 45. Rxg6 Bc3 46. Rh6+ Kg7 47. Rc6 Bd4 48. Rc7+ Kf8 49. Kg6 Be5 50. Rf7+ Kg8 51. Re7 Bd6 52. Re8+ Bf8 53. Rd8 1-0

[Event "Int SVK-ch Open 2020"]
[Site "Drienica"]
[Date "2020.08.13"]
[Round "7.21"]
[White "Magda, Juraj"]
[Black "Sevcik, Ondrej"]
[Result "1-0"]
[ECO "C01"]
[WhiteElo "1261"]
[BlackElo "1017"]
[Annotator "NA"]
[PlyCount "71"]
[EventDate "2020.08.07"]
[EventType "swiss"]
[EventCountry "SVK"]
[SourceTitle "playchess.com"]
[Source "ChessBase"]
[SourceQuality "1"]
[TimeControl "40/5400+30:1800+30"]

1. e4 e6 2. d4 d5 3. exd5 exd5 4. Nf3 Bd6 5. Nc3 Nf6 6. Bg5 Be6 7. Be2 O-O 8. O-O Nbd7 9. Qd2 h6 10. Bf4 Bxf4 11. Qxf4 c6 12. Rfe1 Qb6 13. Na4 Qa5 14. b3 b5 15. Nb2 Qc3 16. Qc1 Rfe8 17. Nd1 Qa5 18. Qd2 Qxd2 19. Nxd2 Bf5 20. Ne3 Bh7 21. c3 a5 22. Ng4 Nxg4 23. Bxg4 Nf6 24. Rxe8+ Rxe8 25. Bh3 Re2 26. Nf3 Rc2 27. b4 axb4 28. cxb4 Rb2 29. a3 Kf8 30. Ne5 Rc2 31. g3 Be4 32. Bc8 g6 33. Bb7 Rd2 34. Nxc6 Ke8 35. Ba6 Kd7 36. Bxb5 1-0

[Event "Int SVK-ch Open 2020"]
[Site "Drienica"]
[Date "2020.08.13"]
[Round "7.22"]
[White "Geffert, Anton"]
[Black "Ondo, Tomas"]
[Result "0-1"]
[ECO "E90"]
[WhiteElo "1909"]
[BlackElo "2065"]
[Annotator "ChessBase"]
[PlyCount "42"]
[EventDate "2020.08.07"]
[EventType "swiss"]
[EventCountry "SVK"]
[SourceTitle "playchess.com"]
[Source "ChessBase"]
[SourceQuality "1"]
[TimeControl "40/5400+30:1800+30"]

1. d4 Nf6 2. c4 g6 3. Nc3 Bg7 4. Nf3 d6 5. e4 O-O 6. h3 e5 7. d5 Nh5 8. Be3 f5 9. exf5 gxf5 10. Nxe5 Qe8 11. g4 Qxe5 12. gxh5 f4 13. Rg1 fxe3 14. fxe3 Qxe3+ 15. Ne2 Qf2+ 16. Kd2 Kh8 17. Rg2 Bh6+ 18. Kc3 Rf3+ 19. Qd3 Rxd3+ 20. Kxd3 Bf5+ 21. Kc3 Qe3+ 0-1

[Event "Int SVK-ch Open 2020"]
[Site "Drienica"]
[Date "2020.08.13"]
[Round "7.22"]
[White "Soldan, Jan"]
[Black "Horbalova, Ivana"]
[Result "1-0"]
[ECO "C42"]
[WhiteElo "1783"]
[BlackElo "1306"]
[Annotator "NA"]
[PlyCount "125"]
[EventDate "2020.08.07"]
[EventType "swiss"]
[EventCountry "SVK"]
[SourceTitle "playchess.com"]
[Source "ChessBase"]
[SourceQuality "1"]
[TimeControl "40/5400+30:1800+30"]

1. e4 e5 2. Nf3 Nf6 3. Nxe5 d6 4. Nf3 Nxe4 5. Qe2 Qe7 6. d3 Nf6 7. Bg5 Qxe2+ 8. Bxe2 Be7 9. Nc3 Bd7 10. O-O-O Ng4 11. Bxe7 Nxf2 12. Bh4 Nxh1 13. Rxh1 Na6 14. d4 c6 15. Bd3 Be6 16. Ng5 h6 17. Nxe6 fxe6 18. Re1 Kd7 19. d5 Nc7 20. dxe6+ Nxe6 21. Bf5 Rae8 22. g4 g5 23. Bg3 d5 24. Ne2 c5 25. Nc3 d4 26. Nd5 Rhf8 27. Nc7 Rxf5 28. Nxe8 Rf3 29. Nd6 Rxg3 30. hxg3 Kxd6 31. Rh1 b5 32. Rxh6 Kd5 33. Kd2 a5 34. Rf6 a4 35. b3 a3 36. Kd3 c4+ 37. bxc4+ bxc4+ 38. Kd2 c3+ 39. Ke2 Nc5 40. Rf5+ Kc4 41. Re5 Na6 42. Ra5 Nb4 43. Kd1 Nxa2 44. Rxa3 Nb4 45. Ra4 Kb5 46. Ra8 Nd5 47. Re8 Ne3+ 48. Rxe3 dxe3 49. Ke2 Kc5 50. Kd3 e2 51. Kxe2 Kd4 52. Kf3 Kc4 53. Ke4 Kc5 54. Kd3 Kd5 55. Kxc3 Kc5 56. Kd3 Kd5 57. Ke3 Ke5 58. c4 Kd6 59. Kd4 Kc6 60. Ke5 Kc5 61. Kf5 Kxc4 62. Kxg5 Kd5 63. Kf6 1-0

[Event "Int SVK-ch Open 2020"]
[Site "Drienica"]
[Date "2020.08.15"]
[Round "7.23"]
[White "Djubek, Boris"]
[Black "Striskova, Lucia"]
[Result "1-0"]
[ECO "D75"]
[WhiteElo "2019"]
[BlackElo "1706"]
[Annotator "ChessBase"]
[PlyCount "63"]
[EventDate "2020.08.07"]
[EventType "swiss"]
[EventCountry "SVK"]
[TimeControl "40/5400+30:1800+30"]

1. d4 Nf6 2. Nf3 g6 3. c4 Bg7 4. Nc3 d5 5. cxd5 Nxd5 6. g3 Nxc3 7. bxc3 c5 8. Bg2 Nc6 9. e3 O-O 10. O-O Qc7 11. Ba3 b6 12. dxc5 Ba6 13. Nd4 Bxd4 14. cxd4 Bxf1 15. Qxf1 Rac8 16. d5 Ne5 17. c6 Rfd8 18. e4 Rb8 19. f4 Ng4 20. Bf3 Nf6 21. Rd1 e6 22. Qc4 exd5 23. exd5 Ne8 24. Qd4 f6 25. d6 Qg7 26. Qc4+ Kh8 27. c7 Nxc7 28. dxc7 Rxd1+ 29. Bxd1 Rc8 30. Bd6 Qd7 31. Qd4 Kg7 32. Bf8+ 1-0

[Event "Int SVK-ch Open 2020"]
[Site "Drienica"]
[Date "2020.08.13"]
[Round "7.23"]
[White "Andras, Anton"]
[Black "Zahradnik, Vladimir"]
[Result "1-0"]
[ECO "B28"]
[WhiteElo "1582"]
[BlackElo "1874"]
[Annotator "NA"]
[PlyCount "83"]
[EventDate "2020.08.07"]
[EventType "swiss"]
[EventCountry "SVK"]
[SourceTitle "playchess.com"]
[Source "ChessBase"]
[SourceQuality "1"]
[TimeControl "40/5400+30:1800+30"]

1. e4 c5 2. Nf3 a6 3. d4 cxd4 4. Nxd4 Nf6 5. Nc3 Nc6 6. Be2 e5 {B33: Sicilian: Pelikan and Sveshnikov Variations.} 7. Nf5 d5 {[#]} 8. Nxd5 $146 ({Predecessor:} 8. exd5 Bxf5 9. dxc6 Qxd1+ 10. Nxd1 bxc6 11. Ne3 Be6 12. O-O Bc5 13. Re1 O-O 14. c3 {½-½ (47) Schmeing,W (2053)-Darwisch,M (1802) Germany 2010}) 8... Nxd5 9. Qxd5 Bxf5 10. Qxd8+ Rxd8 11. exf5 Nb4 {[#]} 12. Bd1 $1 Rc8 13. c3 Nd3+ 14. Ke2 Nc5 15. Bc2 Be7 16. Be3 Nd7 17. Rhe1 g6 (17... Bc5 $16 {might work better.} 18. Rad1 Ke7) 18. fxg6 hxg6 19. h3 b5 20. a3 f5 21. f3 Bf6 (21... Kf7 $16 22. Rad1 Nc5) 22. Rad1 Bh4 23. Bf2 Rc6 24. Rd5 Bxf2 25. Kxf2 Ke7 26. Red1 Rd8 27. g4 Rf6 28. g5 Re6 29. h4 e4 30. f4 Rb6 31. R1d4 $18 a5 32. Bd1 Rbb8 33. h5 Nf8 34. Rxd8 Rxd8 35. Rxd8 Kxd8 36. h6 Ke7 37. Bb3 Nh7 38. Bg8 Nf8 39. h7 Nxh7 40. Bxh7 Kf7 41. Bxg6+ Kxg6 42. b3 1-0

[Event "Int SVK-ch Open 2020"]
[Site "Drienica"]
[Date "2020.08.15"]
[Round "7.24"]
[White "Sevcikova, Lucia"]
[Black "Strapec, Lukas"]
[Result "1-0"]
[ECO "B22"]
[WhiteElo "2017"]
[BlackElo "1525"]
[Annotator "ChessBase"]
[PlyCount "119"]
[EventDate "2020.08.07"]
[EventType "swiss"]
[EventCountry "SVK"]
[TimeControl "40/5400+30:1800+30"]

1. e4 c5 2. c3 Nf6 3. e5 Nd5 4. d4 cxd4 5. Nf3 Nc6 6. cxd4 d6 7. Bc4 Nb6 8. Bb5 d5 9. Nc3 Bf5 10. Bg5 Rc8 11. O-O h6 12. Bh4 a6 13. Bd3 Bg4 14. Be2 Qd7 15. Rc1 e6 16. Na4 Nxa4 17. Qxa4 Be7 18. Bxe7 Nxe7 19. Rxc8+ Nxc8 20. Qa5 Bxf3 21. Bxf3 Ne7 22. Rc1 Nc6 23. Qb6 O-O 24. Be2 Rc8 25. g3 Qc7 26. Qc5 Qd7 27. Rc3 Ne7 28. Qb4 Rxc3 29. Qxc3 Qc6 30. Qc5 Qxc5 31. dxc5 Nc6 32. f4 Kf8 33. Kf2 Ke7 34. Ke3 Kd7 35. a3 Ne7 36. b4 Kc6 37. g4 g6 38. a4 b5 39. axb5+ axb5 40. Bd3 h5 41. h3 Ng8 42. f5 hxg4 43. fxg6 fxg6 44. hxg4 g5 45. Bg6 Kd7 46. c6+ Kxc6 47. Bf7 Ne7 48. Bxe6 Ng6 49. Kd4 Nf4 50. Bf7 Ne2+ 51. Ke3 Nf4 52. Be8+ Kb6 53. Bd7 Ng6 54. Kd4 Ne7 55. e6 Ka6 56. Kc5 Kb7 57. Kd6 d4 58. Kxe7 d3 59. Bxb5 d2 60. Be2 1-0